 Dungeon Crawl Stone Soup version 0.25-a0-558-g78a2afb (webtiles) character file.

Game seed: 5175720921577416262, levelgen mode: deterministic

1547 wolfsongas the Stinger (level 8, -2/63 HPs)
             Began as a Gnoll Wanderer on Feb 25, 2020.
             Was an Initiate of Yredelemnul.
             Slain by an orc warrior
             ... wielding a +3 dire flail
              (13 damage)
             ... on level 6 of the Dungeon.
             The game lasted 00:22:18 (8087 turns).

wolfsongas the Stinger (Gnoll Wanderer)             Turns: 8087, Time: 00:22:19

Health: -2/63      AC: 11    Str: 17    XL:     8   Next: 87%
Magic:  0/13       EV: 12    Int: 16    God:    Yredelemnul [......]
Gold:   349        SH:  0    Dex: 15    Spells: 13/14 levels left

rFire    + . .     SeeInvis .   q - +0 rapier
rCold    . . .     Gourm    .   (no shield)
rNeg     + . .     Faith    .   p - +0 ring mail of the Good {rN+}
rPois    .         Spirit   +   n - +2 helmet
rElec    .         Reflect  .   i - scarf {Spirit}
rCorr    .         Harm     .   (no gloves)
MR       .....                  e - +1 pair of boots
Stlth    ++........             (no amulet)
HPRegen  0.20/turn              (no ring)
MPRegen  0.13/turn              (no ring)

@: very slightly contaminated
A: distributed training, fangs 1, fire resistance 1, robust 1, strong 1, strong
nose
a: Renounce Religion


You were on level 6 of the Dungeon.
You worshipped Yredelemnul.
Yredelemnul was noncommittal.
You were not hungry.

You visited 2 branches of the dungeon, and saw 7 of its levels.

You collected 349 gold pieces.

Inventory:

Hand Weapons
 q - a +0 rapier (weapon)
Armour
 e - a +1 pair of boots (worn)
 i - a scarf of spirit shield (worn)
 n - a +2 helmet (worn)
 p - the +0 ring mail of the Good (worn) {rN+}
   (You found it on level 4 of the Dungeon)

   It protects you from negative energy.
   If you remove this armour, your AC will decrease by 6 (11 -> 5).
Magical Staves
 r - an uncursed staff of power
Wands
 o - a wand of enslavement (6)
 s - a wand of clouds (4)
Scrolls
 b - a scroll of blinking
 d - 3 scrolls of teleportation
 h - 2 scrolls of enchant weapon
 j - 2 scrolls of amnesia
 k - a scroll of fear
 l - 3 scrolls of remove curse
 m - a scroll of identify
Potions
 c - a potion of flight
 g - a potion of curing
 t - 2 potions of heal wounds
Comestibles
 a - 5 chunks of flesh
 f - 8 rations


   Skills:
 + Level 3.5 Fighting
 + Level 3.5 Short Blades
 + Level 3.5 Long Blades
 + Level 3.5 Axes
 + Level 3.5 Maces & Flails
 + Level 3.5 Polearms
 + Level 3.5 Staves
 + Level 3.5 Slings
 + Level 3.5 Bows
 + Level 3.5 Crossbows
 + Level 4.4 Throwing
 + Level 3.5 Armour
 + Level 3.5 Dodging
 + Level 4.3 Stealth
 + Level 3.5 Shields
 + Level 3.5 Unarmed Combat
 + Level 3.5 Spellcasting
 + Level 2.9 Conjurations
 + Level 3.7 Hexes
 + Level 2.9 Charms
 + Level 2.9 Summonings
 + Level 4.8 Necromancy
 + Level 2.9 Translocations
 + Level 2.9 Transmutations
 + Level 3.7 Fire Magic
 + Level 2.9 Ice Magic
 + Level 2.9 Air Magic
 + Level 2.9 Earth Magic
 + Level 7.7 Poison Magic
 + Level 3.9 Invocations
 + Level 3.5 Evocations


You had 13 spell levels left.
You knew the following spells:

 Your Spells              Type           Power        Failure   Level  Hunger
a - Shock                 Conj/Air       ##..         10%         1    None

Your spell library contained the following spells:

 Spells                   Type           Power        Failure   Level  Hunger
 Mephitic Cloud           Conj/Pois/Air  ###.....     14%         3    ###....


Dungeon Overview and Level Annotations

Branches:
Dungeon (6/15)             Temple (1/1) D:5

Altars:
Ashenzari
Cheibriados
Dithmenos
Nemelex Xobeh
Qazlal
Ru
Uskayaw
Wu Jian
Yredelemnul


Innate Abilities, Weirdness & Mutations

Your experience applies equally to all skills.
You have very sharp teeth.
Your uncanny sense of smell can sniff out nearby items.
Your flesh is heat resistant. (rF+)
You are robust. (+10% HP)
Your muscles are strong. (Str +2)


Message History

You don't have enough magic to cast that spell.
Unknown command.
Casting: Shock (safe; 10% risk of failure)
Confirm with . or Enter, or press ? or * to list all spells.
You don't have enough magic to cast that spell.
You hit the orc warrior.
The orc warrior is moderately wounded.
The orc priest looks satisfied for a moment.
The orc warrior misses you.
You hit the orc warrior but do no damage.
The orc warrior is moderately wounded.
The orc warrior closely misses you.
You hit the orc warrior.
The orc warrior is heavily wounded.
The orc warrior misses you.
You hit the orc warrior.
The orc warrior is severely wounded.
The orc warrior hits you with a +3 dire flail!
You die...
Your body rises from the dead as a mindless zombie.

###..#####.##.)#.##.#
#..# #.##..#.##.# ....#
#.##....##.# ###+##
#...[...##.# #...#
#####.#.##.# .....#
##.#.##.# ......#
##..<....#
.......####...#.######
.....)oJo@.............
......o####...#.#######
......# ##.##.# .....#
####.# #...# #.# ##+#
#.# #.# .#


You could see an orc warrior, a jelly, an orc priest and an orc.

Vanquished Creatures
  Sigmund (D:2)
  An ice beast (D:5)
  3 ogres
  2 bullfrogs (D:6)
  A scorpion (D:4)
  A vampire bat (D:4)
  3 wights (D:6)
  2 crimson imps
  3 orc priests
  2 orc wizards
  A bullfrog skeleton (D:5)
  A hound (D:6)
  2 worker ants (D:4)
  A killer bee zombie (D:6)
  10 adders
  A shadow imp (D:6)
  3 oozes
  An adder skeleton (D:4)
  An adder zombie (D:5)
  8 worms
  A dart slug (D:1)
  3 fire bats (D:4)
  4 leopard geckos
  13 orcs
  2 spectral bats (D:4)
  26 bats
  3 bat skeletons (D:4)
  A bat zombie (D:4)
  13 goblins
  9 hobgoblins
  9 jackals
  11 kobolds
  A quokka (D:4)
  5 ball pythons
  A bat simulacrum (D:4)
  6 frilled lizards
  A quokka skeleton (D:5)
  12 rats
169 creatures vanquished.

Notes
Turn   | Place    | Note
-------+----------+-------------------------------------------
     0 | D:1      | wolfsongas the Gnoll Wanderer began the quest for the Orb.
     0 | D:1      | wolfsongas set off with the following items: a +2 dagger, a
                  | scroll of blinking, a scroll of teleportation, a +0 robe, a
                  | ration; and the following spell memorised: Shock; and the
                  | following spells available to memorise: Mephitic Cloud
     0 | D:1      | Reached XP level 1. HP: 13/13 MP: 1/1
   201 | D:1      | Reached XP level 2. HP: 8/19 MP: 0/2
  1229 | D:1      | Reached XP level 3. HP: 19/25 MP: 3/3
  1900 | D:2      | Noticed Sigmund
  1908 | D:2      | Killed Sigmund
  1908 | D:2      | Reached skill level 1 in Fighting
  1908 | D:2      | Reached skill level 1 in Short Blades
  1908 | D:2      | Reached skill level 1 in Long Blades
  1908 | D:2      | Reached skill level 1 in Axes
  1908 | D:2      | Reached skill level 1 in Maces & Flails
  1908 | D:2      | Reached skill level 1 in Polearms
  1908 | D:2      | Reached skill level 1 in Staves
  1908 | D:2      | Reached skill level 1 in Slings
  1908 | D:2      | Reached skill level 1 in Bows
  1908 | D:2      | Reached skill level 1 in Crossbows
  1908 | D:2      | Reached skill level 1 in Armour
  1908 | D:2      | Reached skill level 1 in Dodging
  1908 | D:2      | Reached skill level 1 in Shields
  1908 | D:2      | Reached skill level 1 in Unarmed Combat
  1908 | D:2      | Reached skill level 1 in Spellcasting
  1908 | D:2      | Reached skill level 1 in Conjurations
  1908 | D:2      | Reached skill level 1 in Charms
  1908 | D:2      | Reached skill level 1 in Summonings
  1908 | D:2      | Reached skill level 1 in Translocations
  1908 | D:2      | Reached skill level 1 in Transmutations
  1908 | D:2      | Reached skill level 1 in Ice Magic
  1908 | D:2      | Reached skill level 1 in Air Magic
  1908 | D:2      | Reached skill level 1 in Earth Magic
  1908 | D:2      | Reached skill level 1 in Invocations
  1908 | D:2      | Reached skill level 1 in Evocations
  1908 | D:2      | Reached XP level 4. HP: 32/32 MP: 4/6
  1908 | D:2      | Reached XP level 5. HP: 37/37 MP: 4/7
  2180 | D:2      | Reached XP level 6. HP: 26/44 MP: 1/8
  2770 | D:2      | Found a sacrificial altar of Ru.
  3720 | D:3      | Gained mutation: Your muscles are strong. (Str +2) [potion
                  | of mutation]
  3720 | D:3      | Gained mutation: You are robust. (+10% HP) [potion of
                  | mutation]
  3720 | D:3      | Gained mutation: Your flesh is heat resistant. (rF+)
                  | [potion of mutation]
  4028 | D:4      | Reached XP level 7. HP: 25/55 MP: 5/10
  4920 | D:4      | Got a tiger eye-encrusted ring mail
  4931 | D:4      | Identified the cursed +0 ring mail of the Good {rN+} (You
                  | found it on level 4 of the Dungeon)
  5515 | D:5      | Entered Level 5 of the Dungeon
  5754 | D:5      | Found a staircase to the Ecumenical Temple.
  5815 | Temple   | Entered the Ecumenical Temple
  5827 | Temple   | Became a worshipper of Yredelemnul the Dark
  5978 | D:5      | Reached XP level 8. HP: 40/62 MP: 6/12
  6196 | D:5      | Found an ornate altar of the Wu Jian Council.
  6201 | D:5      | Found a hide-covered altar of Uskayaw.
  6204 | D:5      | Found a sparkling altar of Nemelex Xobeh.
  6207 | D:5      | Found a shadowy altar of Dithmenos.
  6417 | D:5      | Found a sparkling altar of Nemelex Xobeh.
  8087 | D:6      | Slain by an orc warrior

Levels and vault maps discovered:
D:1:      psy_arrival_terrarium, layout_basic
D:2:      layout_rooms, nicolae_ru_great_annihilating_truth, nrook_campfire,
          nrook_loot_triangle, minmay_split_cup_large, uniq_sigmund
D:3:      layout_basic
D:4:      layout_cave_pools, goddamned_bats
D:5:      layout_loops_corners, grunt_temple_overflow_cloverleaf,
          minmay_temple_entry_waves, first_ration, nemelex_dance_club_becter
D:6:      layout_loops_corners
Temple:   eino_temple_scatter_basement

Skill      XL: |  1  2  3  4  5  6  7  8 |
---------------+-------------------------+-----
Hexes          | 2 3 |  3.7
Fire Magic     | 2 3 |  3.7
Fighting       | 1 2 3 |  3.5
Short Blades   | 1 2 3 |  3.5
Long Blades    | 1 2 3 |  3.5
Axes           | 1 2 3 |  3.5
Maces & Flails | 1 2 3 |  3.5
Polearms       | 1 2 3 |  3.5
Staves         | 1 2 3 |  3.5
Slings         | 1 2 3 |  3.5
Bows           | 1 2 3 |  3.5
Crossbows      | 1 2 3 |  3.5
Throwing       | 3 4 |  4.4
Armour         | 1 2 3 |  3.5
Dodging        | 1 2 3 |  3.5
Shields        | 1 2 3 |  3.5
Unarmed Combat | 1 2 3 |  3.5
Spellcasting   | 1 2 3 |  3.5
Conjurations   | 1 2 |  2.9
Charms         | 1 2 |  2.9
Summonings     | 1 2 |  2.9
Necromancy     | 4 |  4.8
Translocations | 1 2 |  2.9
Transmutations | 1 2 |  2.9
Ice Magic      | 1 2 |  2.9
Air Magic      | 1 2 |  2.9
Earth Magic    | 1 2 |  2.9
Invocations    | 1 2 3 |  3.9
Evocations     | 1 2 3 |  3.5
Stealth        | 3 4 |  4.3
Poison Magic   | |  7.7

Action                   |  1- 3 |  4- 6 |  7- 9 || total
-------------------------+-------+-------+-------++-------
Melee: Dagger            |    96 |   207 |   174 ||   477
       Bite              |     8 |    18 |    43 ||    69
       Punch             |       |     1 |     4 ||     5
       Rapier            |       |       |   136 ||   136
 Cast: Shock             |     7 |    45 |    56 ||   108
  Use: Scroll            |     4 |     5 |     5 ||    14
       Potion            |     5 |     6 |     2 ||    13
 Stab: Sleeping          |     4 |     2 |     3 ||     9
  Eat: Chunk             |     4 |     4 |     7 ||    15
       Ration            |       |     1 |     2 ||     3
Armor: Robe              |    12 |       |       ||    12
       Ring mail         |    26 |    95 |   180 ||   301
Dodge: Dodged            |    54 |   160 |   244 ||   458

Table legend:
 A = Non-vault XP
 B = Vault XP
 C = Vault XP percentage of total XP
 D = Non-vault monster count
 E = Vault monster count
 F = Vault count percentage of total count
                 A         B        C        D         E       F
            +---------+---------+-------+---------+---------+-------
      Total |    1611 |     600 |  27.1 |     138 |      31 |  18.3
            +---------+---------+-------+---------+---------+-------
        D:1 |      48 |       0 |   0.0 |      31 |       0 |   0.0
        D:2 |     110 |     295 |  72.8 |      22 |       9 |  29.0
        D:3 |      86 |       0 |   0.0 |      30 |       0 |   0.0
        D:4 |     324 |     180 |  35.7 |      21 |      20 |  48.8
        D:5 |     377 |     125 |  24.9 |      11 |       2 |  15.4
        D:6 |     666 |       0 |   0.0 |      23 |       0 |   0.0
            +---------+---------+-------+---------+---------+-------
